 Dungeon Crawl Stone Soup version bcrawl-1.28.5 (webtiles) character file.

Game seed: 2780235225699437267

128184 SkaryMonk the Sneak (level 4, -2/26 HPs)
             Began as a Skeleton Archaeologist on Jan 21, 2021.
             Slain by an orc
             ... wielding a +0 hand axe
              (5 damage)
             ... on level 3 of the Dungeon.
             The game lasted 00:05:01 (2433 turns).

SkaryMonk the Sneak (Skeleton Archaeologist)        Turns: 2433, Time: 00:05:02

Health: -2/26      AC:  9    Str: 17      XL:     4   Next: 75%
Magic:  0/4        EV: 13    Int: 13 (14) God:
Gold:   169        SH:  0    Dex:  7      Spells: 3/3 levels left

rFire    + . .     SeeInvis .   a - +0 whip
rCold    + . .     Gourm    .   (no shield)
rNeg     + + +     Faith    .   c - +1 robe
rPois    ∞         Spirit   +   d - +1 hat
rElec    .         Reflect  .   (no cloak)
rCorr    .         Harm     .   p - +2 pair of gloves
MR       .....                  e - +1 pair of boots
Stlth    ++........             (no amulet)
HPRegen  0.08/turn              i - ring of protection from fire
MPRegen  0.09/turn              m - ring of positive energy

@: no status effects
A: no food or potions, cold resistance 1, deterioration 1, negative energy
resistance 3, torment resistance, unbreathing, magic shield, sturdy frame 1,
spell healing
a: no special abilities


You were on level 3 of the Dungeon.
You were not hungry.

You visited 1 branch of the dungeon, and saw 3 of its levels.

You collected 169 gold pieces.

Inventory:

Hand Weapons
 a - a +0 whip (weapon)
 b - a +0 blowgun
Missiles
 f - 3 curare-tipped needles
 q - 245 poisoned needles
Armour
 c - a +1 robe (worn)
 d - a +1 hat (worn)
 e - a +1 pair of boots (worn)
 p - a +2 pair of gloves (worn)
 s - a +0 pair of gloves
Jewellery
 i - a ring of protection from fire (left hand)
 m - a ring of positive energy (right hand)
Wands
 r - a wand of random effects (7)
Scrolls
 g - a scroll of magic mapping
 j - a scroll of enchant weapon
 k - a scroll of fog
 l - a scroll of noise
 n - a scroll of remove curse {unknown}
 o - a scroll of identify
Miscellaneous
 h - a dusty tome


   Skills:
 + Level 2.3 Fighting
 + Level 2.9 Maces & Flails
 + Level 3.7 Dodging
 + Level 4.6 Stealth


You had 3 spell levels left.
You didn't know any spells.
Your spell library was empty.

Dungeon Overview and Level Annotations

Branches:
Dungeon (3/12)

Altars:
Cheibriados


Innate Abilities, Weirdness & Mutations

You do not eat or drink.
You are immune to poison.
Your flesh is cold resistant. (rC+)
Your body sometimes deteriorates upon taking damage.
You are immune to negative energy. (rN+++)
You are immune to unholy pain and torment.
You can survive without breathing.
When hurt, damage is shared between your health and your magic reserves.
Your movements are slightly less encumbered by armour. (ER -2)
Casting spells heals you.


Message History

The orc closely misses you.
You hit the orc but do no damage. The orc hits you but does no damage.
You barely miss the orc. The orc closely misses you. The orc misses you.
You hit the orc but do no damage. The orc hits you but does no damage.
You hit the orc.
The orc is moderately wounded.
The orc misses you.
You hit the orc but do no damage.
The orc is moderately wounded.
You feel yourself speed up. The orc hits you with a +0 hand axe!
* * * LOW HITPOINT WARNING * * *
The orc hits you but does no damage.
You barely miss the orc.
The orc is moderately wounded.
The orc misses you.
You barely miss the orc.
The orc is moderately wounded.
The orc hits you with a +0 hand axe.
You die...

....# #.).# # #...#
#.#.###...#
(.........###
............##########
###.###...Soo........#
#####
#####o########.###...#
#######@####.........#..
.............###.###....
##........%### #........
#.##### #.####.##.#
######.#. #.....# #.#
#(##.# #.#. #####%# #.#
#.##.# #... #.#
##.####.##.# ###. #.#
#.......##.# #. #.#
#..#######.# #)


You could see 3 orcs and a ball python.

Vanquished Creatures
  An orc wizard (D:3)
  A gnoll (D:1)
  2 adders (D:3)
  2 oozes (D:2)
  2 dart slugs (D:1)
  5 leopard geckos
  An orc (D:3)
  A giant cockroach (D:2)
  5 hobgoblins
  4 jackals (D:2)
  5 kobolds
  A quokka (D:2)
  2 ball pythons
  5 bats
  3 frilled lizards
  6 goblins
  3 rats
49 creatures vanquished.

Notes
Turn   | Place    | Note
-------+----------+-------------------------------------------
     0 | D:1      | SkaryMonk the Skeleton Archaeologist began the quest for
                  | the Orb.
     0 | D:1      | Reached XP level 1. HP: 12/12 MP: 1/1
   309 | D:1      | Found a snail-covered altar of Cheibriados.
   411 | D:1      | Reached XP level 2. HP: 12/16 MP: 2/2
   660 | D:1      | Reached skill level 4 in Stealth
   728 | D:1      | Reached XP level 3. HP: 10/20 MP: 3/3
  1836 | D:2      | Reached XP level 4. HP: 24/26 MP: 4/4
  2433 | D:3      | Slain by an orc

Skill      XL: |  1  2  3 |
---------------+----------+-----
Maces & Flails | 2 |  2.9
Stealth        | 4 |  4.6
Fighting       | 2 |  2.3
Dodging        | |  3.7

Action                   |  1- 3 |  4- 6 || total
-------------------------+-------+-------++-------
Melee: Whip              |   150 |    57 ||   207
 Fire: Blowgun           |     1 |     2 ||     3
  Use: Scroll            |     4 |       ||     4
 Stab: Sleeping          |     8 |     1 ||     9
Armor: Robe              |    57 |    22 ||    79
Dodge: Dodged            |    75 |    53 ||   128
